 Dungeon Crawl Stone Soup version 0.30-a0-591-g3c58d2bc28 (webtiles) character file.

Game seed: 13687440911714757132

186129 drugrobin the Black Belt (level 17, -6/135 HPs)
             Began as a Demigod Delver on Jan 4, 2023.
             Mangled by a deep elf blademaster
             ... wielding a +0 rapier
              (12 damage)
             ... on level 2 of the Elven Halls.
             The game lasted 02:57:11 (38875 turns).

drugrobin the Black Belt (Demigod Delver)          Turns: 38875, Time: 02:57:11

Health: -6/135     AC: 20    Str: 19    XL:     17   Next: 24%
Magic:  21/28      EV: 19    Int: 24    God:
Gold:   1487       SH:  0    Dex: 19    Spells: 4/26 levels left

rFire   . . .      SeeInvis +      - Unarmed
rCold   . . .      Faith    .    (shield currently unavailable)
rNeg    . . .      Spirit   .    I - quicksilver dragon scales
rPois   .          Reflect  .    G - +0 helmet {SInv}
rElec   +          Harm     .    U - +2 cloak {Stlth+}
rCorr   .          Rampage  .    (gloves currently unavailable)
Will    ++...                    x - +0 pair of boots
Stlth   +++                      r - amulet "Kilaucena" {rElec Regen+ Str+2}
HPRegen 1.22/turn                J - +4 ring of slaying
MPRegen 0.21/turn                p - +4 ring of protection

@: blade hands, very slightly contaminated, studying Throwing
A: high MP 1, forlorn, divine attributes, frail 1
a: End Transformation


You were on level 2 of the Elven Halls.
You had blades for hands.
You visited 4 branches of the dungeon, and saw 25 of its levels.
You also visited: Ice Cave and Desolation.

You collected 3007 gold pieces.
You spent 1520 gold pieces at shops.

Inventory:

Hand Weapons
 b - the +1 sling of the Original Sin (melded) {speed, rC+ Stlth+}
   (You bought it in a shop on level 9 of the Dungeon)

   rC:        It protects you from cold.
   Stlth:     It makes you more stealthy.
 c - the +8 mace of Nypanokh {freeze, *Slow rN+ rCorr Str+7 Int+4}
   (You found it on level 7 of the Dungeon)

   Str:       It affects your strength (+7).
   Int:       It affects your intelligence (+4).
   rN:        It protects you from negative energy.
   rCorr:     It protects you from acid and corrosion.
   *Slow:     It may slow you when you take damage.
Missiles
 k - 10 boomerangs (quivered)
 E - 7 throwing nets
 W - a curare-tipped dart
Armour
 h - +0 ice dragon scales
 m - the +1 pair of gloves of the Nice God (melded) {rElec rN+}
   (You acquired it on level 8 of the Dungeon)

   rElec:     It insulates you from electricity.
   rN:        It protects you from negative energy.
 w - a +2 leather armour of fire resistance
 x - a +0 pair of boots (worn)
 B - a +2 buckler (melded)
 G - a +0 helmet of see invisible (worn)
 I - quicksilver dragon scales (worn)
 T - a +2 hat of willpower
 U - a +2 cloak of stealth (worn)
 Y - a scarf of resistance
Jewellery
 n - the ring of Zisuf {rC+ MP+9}
   (You found it in an ice cave)

   [ring of protection from cold]

   rC:        It protects you from cold.
   MP:        It affects your magic capacity (+9).
 p - a +4 ring of protection (right blade hand)
 r - the amulet "Kilaucena" (around neck) {rElec Regen+ Str+2}
   (You bought it in a shop on level 2 of the Orcish Mines)

   [amulet of regeneration]

   Str:       It affects your strength (+2).
   rElec:     It insulates you from electricity.
   Regen:     It increases your rate of health regeneration.
 y - a ring of fire
 J - a +4 ring of slaying (left blade hand)
 M - a ring of protection from cold
 S - the ring of Zosial {rElec rPois EV+5 Dex-2}
   (You found it in the Desolation of Salt)

   [ring of evasion]

   EV:        It affects your evasion (+5).
   Dex:       It affects your dexterity (-2).
   rElec:     It insulates you from electricity.
   rPois:     It protects you from poison.
 X - a ring of fire
Wands
 f - a wand of digging (6)
 o - a wand of polymorph (7)
 v - a wand of mindburst (6)
 C - a wand of paralysis (6)
 H - a wand of iceblast (33)
 N - a wand of quicksilver (36)
 V - a wand of flame (50)
Scrolls
 a - 5 scrolls of poison
 d - 8 scrolls of fear
 q - a scroll of silence
 t - 3 scrolls of immolation
 z - 3 scrolls of butterflies
 K - 4 scrolls of teleportation
 P - 5 scrolls of fog
 R - 9 scrolls of vulnerability
 Z - a scroll of magic mapping
Potions
 e - 5 potions of haste
 g - 6 potions of lignification
 i - 10 potions of heal wounds
 l - 14 potions of curing
 u - 5 potions of cancellation
 A - 3 potions of berserk rage
 D - a potion of resistance
 F - 6 potions of attraction
 O - 2 potions of invisibility
Miscellaneous
 j - a tin of tremorstones (2/2)
 s - a box of beasts (inert)
 L - a lightning rod (4/4)
 Q - a phantom mirror


   Skills:
 + Level 13.9 Fighting
 - Level 5.0 Armour
 + Level 12.9 Dodging
 - Level 4.5 Stealth
 - Level 20.0 Unarmed Combat
 - Level 5.0 Spellcasting
 + Level 11.7 Transmutations


You had 4 spell levels left.
You knew the following spells:

 Your Spells              Type           Power      Damage    Failure   Level
a - Poisonous Vapours     Pois/Air       12%        N/A       65%         2
b - Mephitic Cloud        Conj/Pois/Air  6%         N/A       82%         3
c - Blade Hands           Tmut           29%        N/A       26%         5
d - Vhi's Electric Charg  Tloc/Air       12%        N/A       82%         3
e - Petrify               Tmut/Erth      34%        N/A       52%         4
f - Ignite Poison         Fire/Tmut/Pois 24%        N/A       43%         3
g - Blink                 Tloc           12%        N/A       65%         2

Your spell library contained the following spells:

 Spells                   Type           Power      Damage    Failure   Level
 Wereblood                Tmut           58%        N/A       9%          2
 Passwall                 Tmut/Erth      28%        N/A       21%         2
 Apportation              Tloc           12%        N/A       54%         1
 Foxfire                  Conj/Fire      24%        2x1d5     54%         1
 Freeze                   Ice            24%        1d4       54%         1
 Magic Dart               Conj           24%        1d4       54%         1
 Necrotise                Necr           24%        1d5       54%         1
 Sandblast                Erth           12%        2d6       54%         1
 Call Imp                 Summ           6%         N/A       65%         2
 Cigotuvi's Dreadful Rot  Necr/Pois/Air  12%        N/A       65%         2
 Momentum Strike          Conj/Tloc      12%        3d8       65%         2
 Static Discharge         Conj/Air       12%        2-3/arc   65%         2
 Sublimation of Blood     Necr           6%         N/A       65%         2
 Call Canine Familiar     Summ           6%         N/A       82%         3
 Frozen Ramparts          Ice            12%        1d2       82%         3
 Gell's Gravitas          Tloc           6%         N/A       82%         3
 Hailstorm                Conj/Ice       6%         3d4       82%         3
 Lesser Beckoning         Tloc           12%        N/A       82%         3
 Portal Projectile        Hex/Tloc       12%        N/A       82%         3
 Stone Arrow              Conj/Erth      12%        3d7       82%         3
 Summon Guardian Golem    Hex/Summ       6%         N/A       82%         3
 Teleport Other           Tloc           6%         N/A       82%         3
 Tukima's Dance           Hex            6%         N/A       82%         3
 Vampiric Draining        Necr           6%         2d6       82%         3
 Animate Armour           Summ/Erth      12%        N/A       98%         4
 Animate Dead             Necr           6%         N/A       98%         4
 Cause Fear               Hex            3%         N/A       98%         4
 Dispel Undead            Necr           6%         3d8       98%         4
 Leda's Liquefaction      Hex/Erth       3%         N/A       98%         4
 Manifold Assault         Tloc           6%         N/A       98%         4
 Sticky Flame             Conj/Fire      6%         2d3       98%         4
 Alistair's Intoxication  Tmut/Pois      22%        N/A       78%         5
 Irradiate                Conj/Tmut      17%        3d17      78%         5
 Dragon Form              Tmut           29%        N/A       95%         7
 Statue Form              Tmut/Erth      22%        N/A       99%         6
 Agony                    Necr           6%         N/A       100%        5
 Arcjolt                  Conj/Air       3%         1d13      100%        5
 Borgnjor's Vile Clutch   Necr/Erth      3%         N/A       100%        5
 Lightning Bolt           Conj/Air       3%         1d14      100%        5
 Conjure Ball Lightning   Conj/Air       3%         3x3d6     100%        6
 Death Channel            Necr           3%         N/A       100%        6
 Orb of Destruction       Conj           3%         9d5       100%        7
 Spellforged Servitor     Conj/Summ      3%         N/A       100%        7
 Summon Hydra             Summ           3%         N/A       100%        7
 Disjunction              Tloc           3%         N/A       100%        8
 Ignition                 Fire           3%         3d4       100%        8
 Lehudib's Crystal Spear  Conj/Erth      3%         10d2      100%        8
 Maxwell's Capacitive Co  Air            3%         ∞         100%        8
 Dragon's Call            Summ           3%         N/A       100%        9


Dungeon Overview and Level Annotations

Branches:
Dungeon (15/15)            Temple (0/1) D:5            Lair (5/5) D:11
  Swamp (0/4) Lair:3        Snake (0/4) Lair:2        Slime (0/5) Lair:4
    Orc (2/2) D:9             Elf (3/3) Orc:2        Vaults (0/5) D:14
 Depths (0/4) D:15          IceCv (visited)         Desolation (visited)

Shops:
D:9 ([=(   D:10 *   D:15 *   Orc:2 =?[*(:   Elf:1 [

Portals:
Trove: D:13 (give 15 potions of curing)

Annotations:
D:3 Ijyb
Elf:1 14 runed translucent doors


Innate Abilities, Weirdness & Mutations

You have blades for hands.
Your spellcasting is less reliable in this form.
You are incapable of wielding weapons or throwing items.
You have an increased reservoir of magic. (+10% MP)
You shall have no god before yourself.
Your divine heritage dramatically boosts your attributes as you level up.
You are frail. (-10% HP)


Message History

You shoot a sling bullet.
The sling bullet closely misses the deep elf blademaster.
Your larval batsting beast barely misses the deep elf blademaster.
The deep elf blademaster hits you but does no damage.
The deep elf blademaster hits you with a +0 rapier.
Your larval batsting beast stings the deep elf blademaster but does no damage.
The deep elf blademaster hits you but does no damage.
The deep elf blademaster misses you.
Unknown command.
You shoot a sling bullet.
The sling bullet misses the deep elf blademaster.
Your larval batsting beast misses the deep elf blademaster.
Your larval batsting beast completely misses the deep elf blademaster.
The deep elf blademaster hits you with a +0 rapier! x2
* * * LOW HITPOINT WARNING * * *
Unknown command.
Unknown command.
Casting: Poisonous Vapours (mildly dangerous; 30% risk of failure)
Confirm with . or Enter, or press ? or * to list all spells.
Your hands turn into razor-sharp scythe blades.
The +1 sling of the Original Sin {speed, rC+ Stlth+} melds into your body.
The +1 pair of gloves of the Nice God {rElec rN+} melds into your body.
Your +2 buckler melds into your body.
Your larval batsting beast misses the deep elf blademaster.
The deep elf blademaster hits you with a +0 rapier!
* * * LOW HITPOINT WARNING * * *
The deep elf blademaster hits you with a +0 rapier.
* * * LOW HITPOINT WARNING * * *
Your larval batsting beast barely misses the deep elf blademaster.
The deep elf blademaster closely misses you.
The deep elf blademaster hits you with a +0 rapier!
* * * LOW HITPOINT WARNING * * *
Unknown command.
Unknown command.
As you read the scroll of fear, it crumbles to dust.
You assume a fearsome visage.
The deep elf blademaster resists with almost no effort.
Your larval batsting beast closely misses the deep elf blademaster. x2
The deep elf blademaster hits you with a +0 rapier!
You die...

.......#....#.........#...)#.....
........#..#....)......#))#......
.........##.............##).e....
.........##..........)..##)......
........#..#.......)...#).#......
.......#....#.........#....#.....
).....#......#.H.....#......#...)
...).#........#..e..#........#...
#...#).........#@..#..........#..
.###.....##.....###.....##.....##
## ############# ##############
#################################
.................................
.................................
.................................
####'############################
...................(....(........


You could see a deep elf blademaster (poisoned, ally target) and a friendly
larval batsting beast (summoned).

Vanquished Creatures
  A golden dragon (IceCv)
  Gastronok (Lair:3)
  A very ugly thing (D:15)
  Nessos (Lair:3)
  2 deep elf demonologists
  A deep elf annihilator (Elf:2)
  4 halazid warlocks (Desolation)
  A spark wasp (shapeshifter) (Elf:1)
  Josephine (Lair:4)
  2 deep elf high priests (Elf:1)
  A fire dragon (D:10)
  8 ragged hierophants (Desolation)
  A great orb of eyes (D:15)
  12 servants of whispers (Desolation)
  Fannar (Lair:1)
  2 rakshasas (D:15)
  2 hydras
  3 vault guards (D:14)
  5 ice dragons (IceCv)
  5 peacekeepers (Desolation)
  3 ogre magi
  5 centaur warriors
  Harold (D:9)
  6 boulder beetles
  6 two-headed ogres
  A death knight (D:14)
  30 dancing weapons
  A death yak (Lair:2)
  2 tengu warriors
  11 deep elf knights
  6 orc high priests
  Lodul (D:14)
  Nergalle (D:10)
  A goliath frog (Lair:5)
  An orange crystal statue (IceCv)
  A death drake (shapeshifter) (D:15)
  19 deep elf zephyrmancers
  3 ironbound convokers (Desolation)
  Pikel (D:6)
  8 deep elf archers
  27 deep elf pyromancers
  8 orc knights
  10 ugly things
  A manticore (D:12)
  5 cyclopes
  2 orc sorcerers
  9 black mambas
  A black mamba (shapeshifter) (Elf:2)
  8 guardian serpents (Desolation)
  4 elephants
  An ice statue (D:15)
  Joseph (D:7)
  A torpor snail (Lair:2)
  3 gargoyles
  4 molten gargoyles (D:13)
  19 cane toads
  6 storm dragon simulacra (IceCv)
  Psyche (D:9)
  2 unseen horrors
  A freezing wraith (D:15)
  9 komodo dragons
  A yaktaur (D:15)
  3 rime drakes
  2 kobold demonologists (D:9)
  A tengu conjurer (D:14)
  3 meliai (D:13)
  3 golden dragon simulacra (IceCv)
  3 tyrant leeches (Lair:5)
  A polar bear (Lair:4)
  6 trolls
  69 saltlings (Desolation)
  26 blink frogs
  16 dream sheep
  Sigmund (D:4)
  2 air elementals (Elf:2)
  24 slime creatures
  5 water elementals
  2 vampires
  4 wyverns
  7 wraiths
  2 fire elementals
  Grum (D:11)
  31 yaks
  4 basilisks
  A steam dragon (D:9)
  8 vampire mosquitoes
  A warg (Orc:1)
  2 acid dragons
  34 water moccasins
  A meliai simulacrum (D:14)
  46 orc warriors
  3 sky beasts
  3 ice beasts
  3 black bears
  6 ice dragon simulacra (IceCv)
  26 wolves
  17 ogres
  8 centaurs
  3 lemures (D:6)
  4 kobold brigands
  An earth elemental (Elf:2)
  22 bullfrogs
  A gnoll sergeant (D:9)
  2 scorpions
  8 wights
  6 lindwurm simulacra (IceCv)
  5 killer bees
  4 electric eels
  6 howler monkeys
  7 crimson imps
  5 hounds
  4 jellies
  26 orc priests
  3 gnoll boudas
  An iron imp (D:11)
  24 orc wizards
  5 iguanas
  A mummy (D:9)
  8 adders
  28 gnolls
  3 shadow imps
  3 white imps
  2 ufetubi
  3 worms
  129 orcs
  2 endoplasms
  3 giant cockroaches
  5 goblins
  7 hobgoblins
  16 jackals
  16 kobolds
  4 quokkas
  5 ball pythons
  4 bats (D:2)
  A frilled lizard (D:1)
  5 rats
1044 creatures vanquished.

Vanquished Creatures (others)
  A crimson imp (D:12)
  2 orcs
  33 fungi
  2 pillars of salt (Elf:1)
  100 plants
  6 withered plants (Desolation)
144 creatures vanquished.

Grand Total: 1188 creatures vanquished

Notes
Turn   | Place    | Note
-------+----------+-------------------------------------------
     0 | D:5      | drugrobin the Demigod Delver began the quest for the Orb.
     0 | D:5      | Reached XP level 1. HP: 18/18 MP: 3/3
    10 | D:5      | Noticed a hound
    12 | D:5      | Noticed a howler monkey
    29 | D:4      | Noticed a killer bee
    29 | D:4      | Noticed a killer bee
    48 | D:4      | Noticed a black bear
    73 | D:3      | Reached skill level 2 in Unarmed Combat
   344 | D:2      | Reached XP level 2. HP: 25/25 MP: 4/4
   679 | D:1      | Reached skill level 3 in Unarmed Combat
   823 | D:1      | Got the Annotations on Solid Electrocution
  1461 | D:2      | Reached XP level 3. HP: 28/30 MP: 5/5
  1782 | D:2      | Learned a level 2 spell: Poisonous Vapours
  2277 | D:3      | Reached skill level 4 in Unarmed Combat
  2277 | D:3      | Reached XP level 4. HP: 31/37 MP: 0/6
  2433 | D:3      | Noticed Ijyb
  2725 | D:3      | Reached skill level 5 in Unarmed Combat
  2725 | D:3      | Reached XP level 5. HP: 42/42 MP: 7/7
  2881 | D:4      | Noticed an ogre
  2977 | D:4      | Noticed an ogre
  3107 | D:4      | Noticed Sigmund
  3192 | D:4      | Killed an ogre
  3289 | D:4      | Reached skill level 6 in Unarmed Combat
  3289 | D:4      | Reached XP level 6. HP: 39/50 MP: 8/8
  3797 | D:4      | Reached skill level 7 in Unarmed Combat
  3952 | D:4      | Noticed a balrug
  3956 | D:4      | Noticed a neqoxec
  3956 | D:4      | Noticed a ynoxinul
  4061 | D:5      | Reached XP level 7. HP: 56/56 MP: 3/9
  4430 | D:5      | Reached skill level 8 in Unarmed Combat
  5259 | D:5      | Reached skill level 9 in Unarmed Combat
  5479 | D:4      | Killed Sigmund
  5480 | D:4      | Reached XP level 8. HP: 58/62 MP: 10/10
  5770 | D:5      | Found a staircase to the Ecumenical Temple.
  5830 | D:5      | Reached skill level 10 in Unarmed Combat
  6355 | D:6      | Reached skill level 1 in Spellcasting
  6952 | D:6      | Noticed Pikel
  6992 | D:6      | Killed Pikel
  6993 | D:6      | Reached XP level 9. HP: 71/71 MP: 13/15
  7005 | D:6      | Learned a level 3 spell: Mephitic Cloud
  7098 | D:6      | Reached skill level 11 in Unarmed Combat
  8169 | D:7      | Noticed Joseph
  8216 | D:7      | Killed Joseph
  8217 | D:7      | Reached skill level 5 in Fighting
  8412 | D:7      | Identified the +3 pair of gloves of the Bedazzled Lizard
                  | {Harm *Slow SInv}
  8643 | D:7      | Identified the +8 mace of Nypanokh {freeze, *Slow rN+ rCorr
                  | Str+7 Int+4}
  9749 | D:8      | Reached skill level 12 in Unarmed Combat
  9782 | D:8      | Noticed a boulder beetle
  9797 | D:8      | Killed a boulder beetle
  9798 | D:8      | Reached XP level 10. HP: 57/83 MP: 15/19
  9988 | D:8      | Identified a scroll of acquirement
 10012 | D:8      | Acquired the +1 pair of gloves of the Nice God {rElec rN+}
 11349 | D:8      | Reached skill level 13 in Unarmed Combat
 11359 | D:8      | Learned a level 5 spell: Blade Hands
 11464 | D:9      | Noticed Psyche
 11480 | D:9      | Killed Psyche
 11481 | D:9      | Reached skill level 1 in Transmutations
 12063 | D:9      | Found Qeseh's Jewellery Shoppe.
 12376 | D:9      | Found a staircase to the Orcish Mines.
 12441 | D:9      | Found Pulir's Antique Armour Shoppe.
 12466 | D:9      | Found Yreatsan's Weapon Emporium.
 12475 | D:9      | Bought a throwing net for 39 gold pieces
 12505 | D:9      | Noticed Harold
 12595 | D:9      | Found Xapen's Weapon Shop.
 12610 | D:9      | Bought the +1 sling of the Original Sin {speed, rC+ Stlth+}
                  | for 341 gold pieces
 13246 | D:10     | Entered Level 10 of the Dungeon
 13296 | D:10     | Reached XP level 11. HP: 92/92 MP: 17/20
 13487 | D:10     | Found Zin's Purification Station.
 13879 | D:10     | Noticed Nergalle
 13884 | D:10     | Reached skill level 14 in Unarmed Combat
 13920 | D:10     | Killed Nergalle
 14148 | D:10     | Noticed a two-headed ogre
 14544 | D:10     | Found a runed translucent door.
 14544 | D:10     | Found a runed translucent door.
 14544 | D:10     | Noticed a boulder beetle
 14544 | D:10     | Noticed a six-headed hydra
 14544 | D:10     | Noticed a deep elf pyromancer
 14908 | D:11     | Noticed Grum
 14937 | D:11     | Killed Grum
 15220 | D:11     | Noticed a two-headed ogre
 15221 | D:11     | Noticed a two-headed ogre
 15222 | D:11     | Noticed a two-headed ogre
 15254 | D:11     | Noticed a two-headed ogre
 15270 | D:11     | Killed a two-headed ogre
 15394 | D:11     | Noticed an ogre mage
 15460 | D:11     | Killed an ogre mage
 16207 | D:11     | Noticed a two-headed ogre
 16231 | D:11     | Found a staircase to the Lair.
 16360 | D:11     | Killed a two-headed ogre
 16361 | D:11     | Reached skill level 5 in Transmutations
 16596 | D:11     | Killed a two-headed ogre
 16602 | D:11     | Noticed a deep elf zephyrmancer
 16719 | Lair:1   | Entered Level 1 of the Lair of Beasts
 16771 | Lair:1   | Identified the amulet "Plog" {RegenMP rF- Int+3}
 17038 | Lair:1   | Reached skill level 15 in Unarmed Combat
 17188 | Lair:1   | Noticed Fannar
 17265 | Lair:1   | Killed Fannar
 17266 | Lair:1   | Reached XP level 12. HP: 64/103 MP: 21/21
 17270 | Lair:1   | Learned a level 3 spell: Vhi's Electric Charge
 17537 | Lair:1   | You fall into a shaft and drop 1 floor!
 17700 | Lair:2   | Found a staircase to the Snake Pit.
 18581 | Lair:2   | Reached skill level 5 in Dodging
 19424 | Lair:3   | Found a staircase to the Swamp.
 19560 | Lair:3   | Noticed an eight-headed hydra
 19583 | Lair:3   | Killed an eight-headed hydra
 20040 | Lair:3   | Noticed Gastronok
 20117 | Lair:3   | Killed Gastronok
 20118 | Lair:3   | Reached skill level 16 in Unarmed Combat
 20118 | Lair:3   | Reached XP level 13. HP: 87/112 MP: 10/22
 20217 | Lair:3   | Noticed Nessos
 20225 | Lair:3   | Killed Nessos
 21256 | Lair:4   | Noticed Josephine
 21263 | Lair:4   | Killed Josephine
 21264 | Lair:4   | Reached skill level 10 in Fighting
 21541 | Lair:4   | Found a staircase to the Slime Pits.
 21995 | Lair:5   | Entered Level 5 of the Lair of Beasts
 23161 | Lair:5   | Identified the +4 scale mail of the Farmer {+Inv Str+3
                  | Int+3 Dex-3}
 23630 | Lair:5   | Reached skill level 17 in Unarmed Combat
 23762 | Lair:5   | Identified the ring "Lolaene" {Fly rPois rF++ EV+5 Slay-4}
 23781 | Lair:5   | Reached XP level 14. HP: 122/122 MP: 9/24
 24296 | D:11     | Learned a level 4 spell: Petrify
 25262 | D:13     | Found a portal to a secret trove of treasure.
 26521 | Orc:1    | Entered Level 1 of the Orcish Mines
 26619 | Orc:2    | Entered Level 2 of the Orcish Mines
 26756 | Orc:1    | Reached skill level 10 in Dodging
 26940 | Orc:2    | Found Ecoastef's Antique Weapon Emporium.
 27389 | Orc:2    | Found Ozxiffach's Self-Improvement Boutique.
 27504 | Orc:2    | Found a staircase to the Elven Halls.
 28584 | Orc:2    | Found Varphiwo's General Store.
 28584 | Orc:2    | Found Deacun's Jewellery Boutique.
 28585 | Orc:2    | Found Woumebli's Armour Shop.
 28585 | Orc:2    | Found Zoqaid's Magic Scroll Boutique.
 28592 | Orc:2    | Bought a scroll of identify for 36 gold pieces
 28597 | Orc:2    | Bought a scroll of blinking for 90 gold pieces
 28597 | Orc:2    | Bought a scroll of identify for 24 gold pieces
 28597 | Orc:2    | Bought a scroll of identify for 24 gold pieces
 28597 | Orc:2    | Bought a scroll of identify for 24 gold pieces
 28597 | Orc:2    | Bought a scroll of identify for 24 gold pieces
 28597 | Orc:2    | Bought a scroll of identify for 24 gold pieces
 28611 | Orc:2    | Bought a scroll of teleportation for 36 gold pieces
 28611 | Orc:2    | Bought a scroll of fear for 48 gold pieces
 28620 | Orc:2    | Bought the amulet "Kilaucena" {rElec Regen+ Str+2} for 626
                  | gold pieces
 29022 | D:10     | Identified the +5 morningstar of the Endless Stories
                  | {freeze, *Corrode rN+++ SInv Stlth+}
 29023 | D:10     | Paralysed by an ogre mage for 3 turns
 29059 | D:10     | Gained mutation: You are frail. (-10% HP) [mutagenic glow]
 29068 | D:10     | Reached skill level 18 in Unarmed Combat
 29124 | D:10     | Identified the +2 pair of boots of Lidaw {rC++ rCorr}
 29128 | D:10     | Got the Octavo of the Quake
 29326 | D:9      | Killed Harold
 29540 | D:14     | Noticed Lodul
 29605 | D:14     | Killed Lodul
 30324 | D:14     | Learned a level 3 spell: Ignite Poison
 30566 | D:14     | Reached XP level 15. HP: 114/117 MP: 21/25
 30570 | D:14     | Learned a level 2 spell: Blink
 30820 | D:14     | Found a gate to the Vaults.
 30897 | D:15     | Entered Level 15 of the Dungeon
 31068 | D:15     | Found a frozen archway.
 31092 | IceCv    | Entered an ice cave
 31636 | IceCv    | Noticed a golden dragon
 31985 | IceCv    | Killed a golden dragon
 32077 | IceCv    | Identified the ring of Zisuf {rC+ MP+9}
 32526 | D:15     | Found Waabbiw's Assorted Antiques.
 32543 | D:15     | Bought a glowing scarf for 184 gold pieces
 32912 | D:15     | Found a staircase to the Depths.
 33238 | Elf:1    | Entered Level 1 of the Elven Halls
 33238 | Elf:1    | Found a runed translucent gate.
 33238 | Elf:1    | Found a runed translucent gate.
 33238 | Elf:1    | Found a runed translucent gate.
 33238 | Elf:1    | Found a runed translucent gate.
 33238 | Elf:1    | Found a runed translucent gate.
 33238 | Elf:1    | Found a runed translucent gate.
 33248 | Elf:1    | Found a crumbling gateway.
 33286 | Desolati | Entered the Desolation of Salt
 33435 | Desolati | Reached skill level 19 in Unarmed Combat
 34083 | Desolati | Identified the +1 robe "Xamua" {Drain rCorr Str+5 Dex-2
                  | Archmagi}
 34231 | Desolati | Identified the +9 shortbow "Eleudwuk" {antimagic, rN+}
 34290 | Desolati | Got Kaidootz's Octavo of Conflagration and Locality
 34357 | Desolati | Reached XP level 16. HP: 101/126 MP: 22/26
 34383 | Desolati | Reached skill level 10 in Transmutations
 34559 | Desolati | Identified the ring of Zosial {rElec rPois EV+5 Dex-2}
 34836 | Desolati | Identified the +2 pair of boots "Umueps" {-Cast -Tele
                  | Regen+ Dex+6}
 34838 | Desolati | Identified the ring "Bickes" {Contam rElec Str+6 Dex+4}
 34862 | Desolati | Identified the amulet of the Garden {Spirit +Inv rC- MP+9
                  | Stlth+}
 34866 | Desolati | Identified the +5 scimitar of Iguaced {heavy, rC+}
 34875 | Desolati | Identified the +9 rapier of Taxation {heavy, rElec rCorr
                  | Str+3 Stlth+}
 35178 | Desolati | Reached skill level 20 in Unarmed Combat
 35244 | Desolati | Identified the +9 morningstar "Ubly" {drain, rElec rF+
                  | Str-3 Int+3}
 35366 | Elf:1    | Found a runed translucent door.
 35393 | Elf:1    | Found Orour's Armour Boutique.
 35580 | Elf:1    | Reached skill level 1 in Armour
 36049 | Elf:1    | Found a runed translucent door.
 36287 | Elf:1    | Found a runed translucent gate.
 36287 | Elf:1    | Found a runed translucent gate.
 36287 | Elf:1    | Found a runed translucent gate.
 36287 | Elf:1    | Found a runed translucent gate.
 36287 | Elf:1    | Found a runed translucent gate.
 36287 | Elf:1    | Found a runed translucent gate.
 37078 | Elf:2    | Found a runed translucent gate.
 37078 | Elf:2    | Found a runed translucent gate.
 37078 | Elf:2    | Found a runed translucent gate.
 37334 | Elf:3    | Entered Level 3 of the Elven Halls
 37901 | Elf:2    | Paralysed by an air elemental for 1 turns
 38025 | Elf:2    | Paralysed by an air elemental for 1 turns
 38133 | Elf:2    | Reached XP level 17. HP: 80/135 MP: 23/28
 38516 | Elf:2    | Reached skill level 5 in Spellcasting
 38626 | Elf:2    | Noticed a deep elf blademaster
 38761 | Elf:2    | Reached skill level 5 in Armour
 38874 | Elf:2    | HP: 4/135 [deep elf blademaster/+0 rapier (10)]
 38875 | Elf:2    | Mangled by a deep elf blademaster

Illustrated notes

Levels and vault maps discovered:
D:1:      dpeg_arrival_renting, layout_loops_corners
D:2:      layout_basic, chequers_ecumenical_altar_grove, basic_altar
D:3:      layout_basic, uniq_ijyb
D:4:      layout_loops_ring, mainiacjoe_overflow_concentric_impassable,
          makhleb_altar_promises_db, uniq_sigmund
D:5:      lemuel_castle_with_subvaults [lemuel_castle_interior_carwin_3],
          layout_rooms, tso_altar, nicolae_overflow_crystal_walls,
          nicolae_sif_muna_little_library, minmay_temple_entry_butterflies,
          guppyfry_early_lair_pool
D:6:      layout_basic, nicolae_ashenzari_skybound,
          mainiacjoe_overflow_brackets, uniq_pikel
D:7:      layout_basic, nemelex_diamond_rough_becter, minivault_26, uniq_joseph
D:8:      layout_basic, kennysheep_little_box, chequers_serial_rivers_large_a,
          blue_anna_alchemist
D:9:      kennysheep_blocky_hall, layout_irregular_city, slow_altar_1,
          david_orc_5, serial_shops, shop, nicolae_shop_bloodbath_and_beyond,
          shop_statue, nicolae_shop_window_shopping,
          kennysheep_cross_bottleneck, uniq_psyche, uniq_harold
D:10:     minmay_the_grid_triangle_9x9_rhombus_full
          [minmay_the_grid_triangle_9x9_longest,
          minmay_the_grid_triangle_9x9_tough_junction,
          minmay_the_grid_triangle_9x9_odd_lines,
          minmay_the_grid_triangle_9x9_thin_v,
          minmay_the_grid_triangle_9x9_from_above,
          minmay_the_grid_triangle_9x9_corruption,
          minmay_the_grid_triangle_9x9_intruding_spiral,
          minmay_the_grid_triangle_9x9_prize_schism], layout_irregular_city,
          zin_purify, nicolae_overflow_hidden_temple, nzn_wu_jian_contemplation,
          uniq_nergalle
D:11:     layout_stronghold, david_lair_shrubbed, hex_tiny,
          nicolae_water_bricks, hangedman_minor_magic, uniq_grum
D:12:     layout_cave_pools, minmay_nine_imps
D:13:     layout_roguey, nicolae_trove_entry_isolated, minivault_8
D:14:     layout_roguey, grunt_vaults_entry_fortified, serial_bayou_pond_d,
          uniq_lodul
D:15:     gammafunk_enter_depths_forms, layout_rooms, dk_noncrumbling_2,
          portal_ice_cave_entry_ice_statue_one, serial_shops, shop
Lair:1:   layout_cave_pods, uniq_fannar
Lair:2:   layout_long_grid, minmay_snake_entry_six_corridors
Lair:3:   layout_cave_pods, swamp_mist, beast_lair_carwin_11, uniq_gastronok,
          uniq_nessos
Lair:4:   layout_roguey, minmay_slime_entry_pillars, serial_bayou_shore_b,
          grunt_megastairs_4, serial_bayou_shore_a, uniq_josephine
Lair:5:   minmay_lair_end_frog_pond, layout_regular_city
Orc:1:    layout_caves, nicolae_orc_damp_corner
Orc:2:    st_orc_pillars, layout_caves, serial_shops, nicolae_shop_behind_doors,
          nicolae_shop_self_help
Elf:1:    nicolae_elf_arrival_dilemma, layout_gridlike, serial_shops, shop,
          portal_desolation_entry_garden, orc_legates, minmay_strange_pillars
Elf:2:    nicolae_elf_blades_splatter_lattice [nicolae_blade_bullseye],
          layout_onion_city
Elf:3:    grunt_elf_hall_diamonds, layout_loops_corners, serial_shops, shop,
          uniq_donald

Skill      XL: |  1  2  3  4  5  6  7  8  9 10 11 12 13 14 15 16 17 |
---------------+----------------------------------------------------+-----
Unarmed Combat | 2 3 4 5 6 7 9 10 12 13 15 16 17 18 19 20 | 20.0
Fighting       | 4 5 7 8 9 10 11 12 13 | 13.9
Spellcasting   | 2 4 5 |  5.0
Transmutations | 2 5 6 8 9 11 | 11.7
Dodging        | 2 6 8 11 12 | 12.9
Armour         | 4 5 |  5.0
Stealth        | |  4.5

Action                   |  1- 3 |  4- 6 |  7- 9 | 10-12 | 13-15 | 16-18 || total
-------------------------+-------+-------+-------+-------+-------+-------++-------
Melee: Unarmed           |   157 |   157 |   485 |   688 |  1624 |   488 ||  3599
       Punch             |     4 |     8 |    39 |    84 |    51 |    46 ||   232
       Mace              |       |       |     4 |     7 |       |       ||    11
       Sling             |       |       |       |     1 |       |       ||     1
 Fire: Sling             |       |       |    11 |   154 |   117 |   109 ||   391
Throw: Dart              |       |    18 |     6 |     7 |     1 |       ||    32
       Throwing net      |       |       |     1 |     1 |     1 |       ||     3
       Boomerang         |       |       |     9 |     4 |    56 |       ||    69
 Cast: Poisonous Vapours |     3 |     9 |    47 |    68 |    94 |     2 ||   223
       Mephitic Cloud    |       |       |     2 |    23 |    13 |     3 ||    41
       Vhi's Electric Ch |       |       |       |     7 |    16 |     4 ||    27
       Blade Hands       |       |       |       |     6 |    32 |    36 ||    74
       Petrify           |       |       |       |       |    10 |     2 ||    12
       Blink             |       |       |       |       |     1 |     2 ||     3
Evoke: Wand              |     1 |     1 |     7 |     7 |     6 |     1 ||    23
       Tin of tremorston |       |       |       |       |     2 |     2 ||     4
       Box of beasts     |       |       |       |       |       |     2 ||     2
  Use: Scroll            |       |       |     3 |    13 |    12 |     5 ||    33
       Potion            |       |       |       |       |     1 |     1 ||     2
 Stab: Sleeping          |    11 |     2 |     4 |    10 |     2 |       ||    29
       Paralysed         |       |     3 |     5 |     2 |     4 |       ||    14
       Distracted        |       |       |     1 |     1 |     1 |     2 ||     5
       Held in net/web   |       |       |       |     3 |     2 |       ||     5
       Confused          |       |       |       |    16 |    12 |     1 ||    29
       Petrified         |       |       |       |       |    10 |       ||    10
       Petrifying        |       |       |       |       |     3 |       ||     3
Armor: Leather armour    |    15 |    51 |    90 |    35 |     1 |       ||   192
       Ring mail         |    32 |       |       |       |       |       ||    32
       Troll leather arm |       |       |       |    37 |   174 |       ||   211
       Acid dragon scale |       |       |       |     5 |    15 |       ||    20
       Skin              |       |       |       |     1 |       |       ||     1
       Quicksilver drago |       |       |       |       |    98 |   146 ||   244
       Scale mail        |       |       |       |       |    81 |       ||    81
Dodge: Dodged            |   106 |   167 |   416 |   523 |   854 |   291 ||  2357
Block: Other             |       |       |       |    50 |    29 |       ||    79
       Buckler           |       |       |       |       |   302 |    27 ||   329
       Reflection        |       |       |       |       |     8 |       ||     8

Table legend: (Time is in decaauts)
 A = Elapsed time spent in this place.
 B = Non-inter-level travel time spent in this place.
 C = Inter-level travel time spent in this place.
 D = Time resting spent in this place.
 E = Time spent auto-exploring this place.
 F = Levels seen in this place.
 G = Mean time per level.
                   A        B        C        D        E       F      G
               +--------+--------+--------+--------+--------+-----+--------+
         Total |  37985 |  35888 |   2097 |   3114 |  19805 |  27 | 1406.9 |
       Dungeon |  22156 |  20453 |   1703 |   1554 |  12171 |  15 | 1477.1 |
          Lair |   7201 |   7007 |    194 |    397 |   4485 |   5 | 1440.2 |
  Orcish Mines |   2167 |   2016 |    151 |    139 |   1109 |   2 | 1083.5 |
   Elven Halls |   3475 |   3427 |     48 |    612 |   1383 |   3 | 1158.3 |
      Ice Cave |   1081 |   1081 |      0 |    194 |    284 |   1 | 1081.0 |
    Desolation |   1902 |   1902 |      0 |    216 |    372 |   1 | 1902.0 |
               +--------+--------+--------+--------+--------+-----+--------+

Top non-repeatable levels by time:
    D:10: 2440 daAuts
     D:9: 2071 daAuts
    D:11: 1964 daAuts
   Orc:2: 1952 daAuts
Desolation: 1902 daAuts
     D:5: 1838 daAuts
     D:8: 1805 daAuts
   Elf:1: 1781 daAuts
  Lair:5: 1681 daAuts
     D:4: 1569 daAuts
     D:6: 1558 daAuts
  Lair:3: 1537 daAuts
  Lair:4: 1514 daAuts
     D:7: 1496 daAuts
   Elf:2: 1474 daAuts
